 Dungeon Crawl Stone Soup version 0.22-a0-430-g6609fc6 (webtiles) character file.

14 inmateoo the Skirmisher (level 2, 0/25 HPs)
             Began as a Minotaur Air Elementalist on May 26, 2018.
             Slain by an adder (4 damage)
             ... on level 3 of the Dungeon.
             The game lasted 00:01:24 (1132 turns).

inmateoo the Skirmisher (Minotaur Air Elementalist) Turns: 1132, Time: 00:01:24

Health: 0/25       AC:  1    Str: 12    XL:     2   Next: 27%
Magic:  3/3        EV: 12    Int: 12    God:
Gold:   84         SH:  0    Dex: 10    Spells: 2/3 levels left

rFire    . . .     SeeInvis .   e - +0 club
rCold    . . .     Gourm    .   (no shield)
rNeg     . . .     Faith    .   h - -1 robe (curse)
rPois    .         Spirit   .   (helmet restricted)
rElec    .         Reflect  .   (no cloak)
rCorr    .         Harm     .   (no gloves)
MR       .....                  (no boots)
Stlth    ++........             (no amulet)
HPRegen  0.08/turn              (no ring)
MPRegen  0.08/turn              (no ring)

@: lethally poisoned (0 -> -5)
A: retaliatory headbutt, horns 2
a: no special abilities


You were on level 3 of the Dungeon.
You were not hungry.

You visited 1 branch of the dungeon, and saw 3 of its levels.

You collected 84 gold pieces.

Inventory:

Hand Weapons
 e - a +0 club (weapon)
 l - a +0 spear
Armour
 a - a +1 robe
 h - a cursed -1 robe (worn)
 k - a +0 ring mail
Jewellery
 i - an uncursed ring of protection from magic {unknown}
Scrolls
 b - 2 scrolls of teleportation
 d - a scroll of identify
 j - a scroll of enchant weapon {unknown}
Comestibles
 c - 3 rations


   Skills:
 + Level 2.4 Fighting
 - Level 2.1 Dodging
 - Level 1.5 Stealth
 - Level 1.3 Spellcasting
 - Level 0.6 Conjurations
 - Level 2.1 Air Magic


You had 2 spell levels left.
You knew the following spells:

 Your Spells              Type           Power        Failure   Level  Hunger
a - Shock                 Conj/Air       #...         17%         1    ##.....

Your spell library contained the following spells:

 Spells                   Type           Power        Failure   Level  Hunger
 Lightning Bolt           Conj/Air       #.........   99%         5    ######.
 Swiftness                Chrm/Air       #.......     28%         2    ###....
 Airstrike                Air            #.........   75%         4    #####..
 Static Discharge         Conj/Air       #.......     45%         3    ####...


Dungeon Overview and Level Annotations

Branches:
Dungeon (3/15)

Altars:


Innate Abilities, Weirdness & Mutations

You reflexively headbutt those who attack you in melee.
You have a pair of horns on your head.


Message History

There is a stone staircase leading down here.
The adder barely misses you.
You climb downwards.
A bat and 2 orcs come into view.
You feel sick.
The orc shouts!
You hear a shout!
Found a stone staircase leading up.
There is a stone staircase leading up here.
The adder bites you.
* * * LOW HITPOINT WARNING * * *
The bat closely misses you. You furiously retaliate!
You headbutt the bat.
You kill the bat!
* * * LOW HITPOINT WARNING * * *
You feel sick.
* * * LOW HITPOINT WARNING * * *
You feel sick.
A bat comes into view.
Unknown command.
The adder bites you.
You die...

##### #...#
#...#
####...##
#.......# #
#.@..#.### #.
##S.......
##.###.#..b###
#......#......
#......# #..##
#....<.# ....
#...o..# .##
#........ .
#........#


You could see an adder, an orc and a bat.

Vanquished Creatures
  A dart slug (D:1)
  4 hobgoblins
  2 bats
  2 frilled lizards (D:1)
  A goblin (D:1)
  A kobold (D:1)
  2 rats
13 creatures vanquished.

Notes
Turn   | Place    | Note
-------+----------+-------------------------------------------
     0 | D:1      | inmateoo the Minotaur Air Elementalist began the quest for the Orb.
     0 | D:1      | Reached XP level 1. HP: 14/14 MP: 1/1
     8 | D:1      | Noticed a minotaur zombie
    17 | D:1      | Noticed a merfolk zombie
   125 | D:1      | Reached skill level 1 in Fighting
   344 | D:1      | Reached XP level 2. HP: 24/24 MP: 3/3
  1132 | D:3      | Slain by an adder

Vault maps used:
D:1:      shiori_arrival_whats_in_store_for_you
D:3:      xom_teletrap_fun

Skill      XL: |  1 |
---------------+----+-----
Fighting       | 2 |  2.4
Dodging        | |  2.1
Stealth        | |  1.5
Spellcasting   | |  1.3
Conjurations   | |  0.6
Air Magic      | |  2.1

Action                   || total
-------------------------++-------
Melee: Unarmed           ||    11
       Headbutt          ||     9
       Club              ||    18
  Use: Scroll            ||     5
       Potion            ||     3
  Eat: Chunk             ||     1
Armor: Robe              ||     4
Dodge: Dodged            ||    25

Table legend:
 A = Spawn XP
 B = Non-spawn XP
 C = Spawn XP percentage of total XP
 D = Spawn monster count
 E = Non-spawn monster count
 F = Spawn count percentage of total count
 G = Total turns spent on level
                    A         B        C        D         E        F      G
               +---------+---------+-------+---------+---------+-------+---------
         Total |       0 |      20 |   0.0 |       0 |      13 |   0.0 |  1132
               +---------+---------+-------+---------+---------+-------+---------
           D:1 |       0 |      13 |   0.0 |       0 |       8 |   0.0 |   878
           D:2 |       0 |       6 |   0.0 |       0 |       4 |   0.0 |   249
           D:3 |       0 |       1 |   0.0 |       0 |       1 |   0.0 |     5
               +---------+---------+-------+---------+---------+-------+---------
